 Dungeon Crawl Stone Soup version 0.29.1-14-g9c671dbff4 (webtiles) character file.

Game seed: 7255728671666667799

4328 wolfrpgdude the Carver (level 10, -1/88 HPs)
             Began as a Minotaur Fighter on Feb 15, 2023.
             Was a Follower of Okawaru.
             Succumbed to Grum's poison
             ... on level 9 of the Dungeon.
             The game lasted 00:19:17 (7809 turns).

wolfrpgdude the Carver (Minotaur Fighter)           Turns: 7809, Time: 00:19:17

Health: -1/88      AC: 17    Str: 26    XL:     10   Next: 12%
Magic:  0/0        EV: 12    Int: 13    God:    Okawaru [*.....]
Gold:   387        SH: 13    Dex: 18    Spells: 9/9 levels left

rFire   + . .      SeeInvis .   a - +0 long sword (venom)
rCold   . . .      Faith    .   e - +1 kite shield
rNeg    . . .      Spirit   .   t - +4 ring mail of Vesm {Int+8}
rPois   .          Reflect  .   (helmet restricted)
rElec   .          Harm     .   (no cloak)
rCorr   .          Rampage  .   p - +0 pair of gloves of Obawau {Regen+ MP-9 Dex+9 Slay+5}
Will    .....      Clarity  +   x - +0 pair of boots
Stlth   ++........              s - amulet of the acrobat
HPRegen 1.04/turn               B - ring of protection from fire
MPRegen 0.07/turn               A - +4 ring of protection

@: lethally poisoned (-1 -> -24)
A: horns 2, retaliatory headbutt, clarity
a: Renounce Religion, Heroism


You were on level 9 of the Dungeon.
You worshipped Okawaru.
Okawaru was aware of your devotion.
You visited 2 branches of the dungeon, and saw 10 of its levels.

You collected 387 gold pieces.

Inventory:

Hand Weapons
 a - a +0 long sword of venom (weapon)
 C - a +2 antimagic morningstar
Armour
 b - a +0 scale mail
 e - a +1 kite shield (worn)
 p - the +0 pair of gloves of Obawau (worn) {Regen+ MP-9 Dex+9 Slay+5}
   (You acquired it on level 4 of the Dungeon)

   Dex:       It affects your dexterity (+9).
   Slay:      It affects your accuracy & damage with ranged weapons and melee
   (+5).
   MP:        It affects your magic capacity (-9).
   Regen:     It increases your rate of health regeneration.
 t - the +4 ring mail of Vesm (worn) {Int+8}
   (You found it on level 4 of the Dungeon)

   Int:       It affects your intelligence (+8).
 x - a +0 pair of boots (worn)
 D - +0 swamp dragon scales
Jewellery
 s - an amulet of the acrobat (around neck)
 u - a ring of willpower
 A - a +4 ring of protection (right hand)
 B - a ring of protection from fire (left hand)
 E - a ring of ice
Wands
 q - a wand of flame (26) (quivered)
 w - a wand of iceblast (8)
 y - a wand of mindburst (23)
 H - a wand of quicksilver (10)
Scrolls
 g - 3 scrolls of vulnerability
 k - 10 scrolls of identify
 l - a scroll of brand weapon
 m - 5 scrolls of teleportation
 v - 3 scrolls of butterflies
 F - a scroll of immolation
 I - a scroll of fear
 J - 3 scrolls of enchant armour
Potions
 c - 3 potions of mutation
 d - 4 potions of might
 f - 2 potions of berserk rage {unknown}
 h - 4 potions of curing {unknown}
 i - 6 potions of degeneration {unknown}
 j - 2 potions of haste {unknown}
 n - a potion of heal wounds {unknown}
 o - 4 potions of attraction {unknown}
 r - a potion of magic {unknown}
 z - a potion of flight {unknown}
 G - 2 potions of brilliance {unknown}


   Skills:
 + Level 7.8 Fighting
 + Level 11.2 Long Blades
 + Level 1.5 Maces & Flails
 + Level 6.8 Armour
 + Level 4.3 Dodging
 + Level 1.9 Stealth
 + Level 9.1 Shields
 + Level 0.7 Evocations


You had 9 spell levels left.
You didn't know any spells.
Your spell library contained the following spells:

 Spells                   Type           Power      Damage    Failure   Level
 Shock                    Conj/Air       0%         1d3       71%         1
 Ensorcelled Hibernation  Hex/Ice        0%         N/A       83%         2
 Passwall                 Tmut/Erth      0%         N/A       83%         2
 Static Discharge         Conj/Air       0%         3-3/arc   83%         2
 Swiftness                Air            0%         N/A       97%         3
 Airstrike                Air            0%         2d(0-16)  100%        4
 Lightning Bolt           Conj/Air       0%         1d11      100%        5
 Maxwell's Capacitive Co  Air            0%         ∞         100%        8
 Summon Lightning Spire   Summ/Air       Unusable   N/A       N/A         4

Dungeon Overview and Level Annotations

Branches:
Dungeon (9/15)             Temple (1/1) D:7            Lair (0/5) D:8
    Orc: D:9-12

Altars:
Ashenzari
Cheibriados
Dithmenos
Elyvilon
Fedhas
Gozag
Hepliaklqana
Kikubaaqudgha
Nemelex Xobeh
Okawaru
Qazlal
Ru
Sif Muna
Trog
Uskayaw
Vehumet
Wu Jian
Xom
Yredelemnul
Zin
The Shining One

Annotations:
D:9 Grum


Innate Abilities, Weirdness & Mutations

You have a pair of horns on your head.
You reflexively headbutt those who attack you in melee.
You possess an exceptional clarity of mind.


Message History

You are more poisoned.
The wolf misses you. You block the wolf's attack.
You hit the wolf.
You kill the wolf!
Okawaru accepts your kill.
You feel very sick. The wolf barely misses you. You furiously retaliate!
You headbutt the wolf! Something hits you.
The wolf bites you but does no damage.
You slash the wolf!
You kill the wolf!
Okawaru accepts your kill.
You feel very sick. Something hits you!
You are more poisoned.
You feel extremely sick. Something misses you.
You barely miss something.
You feel very sick. Something hits you but does no damage.
You are more poisoned.
You hit something.
You feel very sick. Something hits you!
* * * LOW HITPOINT WARNING * * *
You slash something! You headbutt something.
* * * LOW HITPOINT WARNING * * *
You feel very sick. You block something's attack.
You hit something. Your headbutt misses something.
You feel very sick. Something hits you but does no damage.
You are lethally poisoned!
You hit something.
* * * LOW HITPOINT WARNING * * *
You feel very sick. Something hits you but does no damage.
You are more poisoned.
It was a potion of mutation.
You feel extremely strange.
Your thoughts seem clearer.
You die...

#.........
#.........
########........
..............#
..............#
..............#
.......<......#
..............#
.......>....@†#
...######..{......#
.. #.........# .
#.........#
#.........#
#.........#
#........?#
#.........#


There were no monsters in sight!

Vanquished Creatures
  A two-headed ogre (D:6)
  Maggie (D:6)
  A troll (D:8)
  Sigmund (D:2)
  A shadow (D:5)
  A steam dragon (D:7)
  A water moccasin (D:6)
  Duvessa (D:7)
  4 ice beasts
  2 centaurs (D:8)
  2 wolves (D:9)
  A phantom (D:5)
  Blork the orc (D:6)
  A kobold brigand (D:7)
  3 bullfrogs (D:8)
  A necrophage (D:5)
  5 scorpions
  3 wights (D:7)
  Dowan (D:7)
  6 killer bees (D:8)
  3 bullfrog zombies (D:6)
  2 centaur zombies (D:6)
  2 hounds
  2 orc priests
  7 orc wizards
  2 howler monkey zombies (D:6)
  Robin (D:2)
  5 adders
  2 white imps
  2 worms
  3 dart slugs
  17 orcs
  9 endoplasms
  3 giant cockroaches
  14 goblins
  9 hobgoblins
  4 jackals
  6 ball pythons
  5 bats (D:1)
  2 frilled lizards (D:1)
  15 kobolds
  4 rats
157 creatures vanquished.

Notes
Turn   | Place    | Note
-------+----------+-------------------------------------------
     0 | D:1      | wolfrpgdude the Minotaur Fighter began the quest for the
                  | Orb.
     0 | D:1      | Reached XP level 1. HP: 19/19 MP: 0/0
   213 | D:1      | Reached XP level 2. HP: 27/27 MP: 1/1
   551 | D:1      | Reached skill level 3 in Long Blades
   887 | D:1      | Reached XP level 3. HP: 33/33 MP: 2/2
  1336 | D:2      | Noticed Robin
  1401 | D:2      | Killed Robin
  1402 | D:2      | Reached XP level 4. HP: 22/41 MP: 3/3
  1974 | D:2      | Noticed Sigmund
  1983 | D:2      | Killed Sigmund
  1984 | D:2      | Reached skill level 4 in Long Blades
  1984 | D:2      | Reached skill level 1 in Maces & Flails
  1984 | D:2      | Reached XP level 5. HP: 20/47 MP: 4/4
  2293 | D:2      | Found a faded altar of an unknown god.
  2480 | D:3      | Reached skill level 1 in Dodging
  2480 | D:3      | Reached XP level 6. HP: 54/55 MP: 5/5
  3029 | D:3      | Identified the +1 leather armour of Cughid {rN+++ Int-5
                  | Dex+5}
  3520 | D:4      | Identified the +4 ring mail of Vesm {Int+8}
  3567 | D:4      | Reached skill level 5 in Fighting
  3572 | D:4      | Reached skill level 5 in Long Blades
  3842 | D:4      | Identified a scroll of acquirement
  3842 | D:4      | Acquired the +0 pair of gloves of Obawau {Regen+ MP-9 Dex+9
                  | Slay+5}
  3893 | D:4      | Reached skill level 5 in Shields
  4247 | D:5      | Entered Level 5 of the Dungeon
  4261 | D:5      | Noticed a shadow
  4269 | D:5      | Killed a shadow
  4270 | D:5      | Reached skill level 5 in Armour
  4270 | D:5      | Reached XP level 7. HP: 16/61 MP: 0/6
  4445 | D:5      | Reached skill level 6 in Long Blades
  4445 | D:5      | Reached skill level 1 in Stealth
  4670 | D:5      | Reached XP level 8. HP: 69/69 MP: 0/7
  4833 | D:6      | Noticed a two-headed ogre
  4842 | D:6      | Killed a two-headed ogre
  4843 | D:6      | Reached skill level 8 in Long Blades
  5247 | D:6      | Noticed Blork the orc
  5248 | D:6      | Noticed Maggie
  5254 | D:6      | Killed Blork the orc
  5255 | D:6      | Reached skill level 9 in Long Blades
  5265 | D:6      | Killed Maggie
  5266 | D:6      | Reached XP level 9. HP: 65/78 MP: 0/8
  5360 | D:6      | Found a basalt altar of Yredelemnul.
  5815 | D:7      | Found a staircase to the Ecumenical Temple.
  5820 | D:7      | Reached skill level 10 in Long Blades
  5872 | Temple   | Entered the Ecumenical Temple
  6001 | Temple   | Became a worshipper of Warmaster Okawaru
  6080 | D:7      | Identified the +5 chain mail "Guabiev" {Harm rCorr}
  6085 | D:7      | Noticed Duvessa
  6086 | D:7      | Noticed Dowan
  6091 | D:7      | Killed Dowan
  6094 | D:7      | Killed Duvessa
  6228 | D:7      | Found a snail-covered altar of Cheibriados.
  6228 | D:7      | Found a shimmering blue altar of Sif Muna.
  6657 | D:8      | Found a staircase to the Lair.
  6761 | D:8      | Reached * piety under Okawaru
  6788 | D:8      | Found a broken altar of Ashenzari.
  6845 | D:8      | Noticed a troll
  6853 | D:8      | Killed a troll
  6854 | D:8      | Reached skill level 11 in Long Blades
  7069 | D:8      | Reached XP level 10. HP: 88/88 MP: 0/9
  7792 | D:9      | Noticed Grum
  7809 | D:9      | Gained mutation: You possess an exceptional clarity of
                  | mind. [potion of mutation]
  7809 | D:9      | Succumbed to Grum's poison

Illustrated notes

Levels and vault maps discovered:
D:1:      dpeg_arrival_circle_labyrinth_c, layout_loops_ring, dk_noncrumbling_2
D:2:      layout_basic, shapermc_ecumenical_altar_mp_urbaneastern, uniq_robin,
          uniq_sigmund
D:3:      layout_basic, minmay_misc_feat_diagonals
D:4:      cheibrodos_helix_gallery, layout_cave_pools, minmay_misc_feat_hallway,
          solitary_fountain
D:5:      layout_rooms, nicolae_elevator_lobby_asterisk
D:6:      layout_basic, nicolae_yredelemnul_corpse_copse, uniq_maggie,
          uniq_blork_the_orc
D:7:      layout_basic, mainiacjoe_overflow_divided_tiny,
          minmay_temple_entry_sparse_star, uniq_duvessa
D:8:      layout_layer_cave, nicolae_ashenzari_panopticon
D:9:      layout_gridville, mainiacjoe_overflow_cross_hatched, st_stairs_11,
          uniq_grum
Temple:   minmay_temple_bridge_d

Skill      XL: |  1  2  3  4  5  6  7  8  9 10 |
---------------+-------------------------------+-----
Fighting       | 4 5 6 7 |  7.8
Shields        | 4 5 6 7 8 9 |  9.1
Long Blades    | 3 4 5 6 9 11 | 11.2
Maces & Flails | 1 |  1.5
Armour         | 4 5 6 |  6.8
Dodging        | 1 2 3 4 |  4.3
Stealth        | 1 |  1.9
Evocations     | |  0.7

Action                   |  1- 3 |  4- 6 |  7- 9 | 10-12 || total
-------------------------+-------+-------+-------+-------++-------
Melee: Long sword        |    71 |    82 |   187 |    18 ||   358
       Headbutt          |     8 |    15 |    40 |     4 ||    67
       Whip              |    11 |       |       |       ||    11
Evoke: Wand              |       |       |     7 |       ||     7
  Use: Scroll            |     4 |     6 |     1 |     2 ||    13
       Potion            |       |       |       |     1 ||     1
 Stab: Sleeping          |       |       |     1 |       ||     1
Armor: Scale mail        |    39 |    24 |       |       ||    63
       Ring mail         |       |     8 |    75 |    10 ||    93
Dodge: Dodged            |    41 |    29 |    72 |    17 ||   159
Block: Kite shield       |    45 |    50 |   117 |    21 ||   233
